 Dungeon Crawl Stone Soup version 0.26.1-11-gd32895ea62 (webtiles) character file.

Game seed: 1884217369098067270

1643312 manix the Axe Maniac (level 27, 248/273 HPs)
             Began as a Minotaur Berserker on May 7, 2021.
             Was the Champion of Trog.
             Escaped with the Orb
             ... and 3 runes on May 8, 2021!
             The game lasted 05:45:26 (83242 turns).

manix the Axe Maniac (Minotaur Berserker)          Turns: 83242, Time: 05:45:26

Health: 248/273    AC: 29    Str: 36 (37) XL:     27
Magic:  22/22      EV: 27    Int:  2      God:    Trog [******]
Gold:   7942       SH:  0    Dex: 19      Spells: 26/26 levels left

rFire    + + +     SeeInvis .   P - +9 executioner's axe of Equivalence {vorpal, *Drain rElec rF+ Str+4}
rCold    + + .     Faith    .   (shield currently unavailable)
rNeg     . . .     Spirit   .   f - +1 gold dragon scales
rPois    +         Reflect  .   j - +1 hat of Xom's Favour {Str+4}
rElec    +         Harm     .   T - scarf {repulsion}
rCorr    .         Rampage  .   A - +1 pair of gloves {Dex+3}
Will     +++..     Rnd*Rage +   X - +1 pair of boots {Stlth+}
Stlth    ..........             D - amulet of regeneration
HPRegen  0.95/turn              C - ring "Lootrur" {rPois rF+ rC+ Str+7 Int-5}
MPRegen  0.18/turn              t - ring of willpower

@: repel missiles
A: retaliatory headbutt, horns 2, berserk 3, deformed body, deterioration 2,
weak 2, MP-powered wands
0: Orb of Zot
}: 3/15 runes: decaying, silver, gossamer
a: Renounce Religion, Berserk, Trog's Hand, Brothers in Arms


You escaped.
You worshipped Trog.
Trog was exalted by your worship.
You visited 11 branches of the dungeon, and saw 52 of its levels.
You visited 1 bazaar.
You also visited: Bailey, Volcano and Wizlab.

You collected 9302 gold pieces.
You spent 1360 gold pieces at shops.

Inventory:

Hand Weapons
 r - a +6 executioner's axe of venom
 P - the +9 executioner's axe of Equivalence (weapon) {vorpal, *Drain rElec rF+ Str+4}
   (Trog gifted it to you on level 14 of the Dungeon)

   It inflicts extra damage upon your enemies.
   It affects your strength (+4).
   It protects you from fire.
   It insulates you from electricity.
   It causes draining when unequipped.
Missiles
 b - 14 silver javelins
 q - 27 javelins
Armour
 f - +1 gold dragon scales (worn)
 j - the +1 hat of Xom's Favour (worn) {Str+4}
   (You acquired it on level 4 of the Swamp)

   It affects your strength (+4).
 x - a +1 cloak of willpower
 A - a +1 pair of gloves of dexterity (worn)
 T - a scarf of repulsion (worn)
 X - a +1 pair of boots of stealth (worn)
Jewellery
 d - a +4 ring of protection
 n - an uncursed ring of protection from cold
 t - a ring of willpower (right hand)
 C - the ring "Lootrur" (left hand) {rPois rF+ rC+ Str+7 Int-5}
   (You took it off a deep elf mage on level 5 of the Vaults)

   [ring of protection from fire]

   It affects your strength (+7).
   It affects your intelligence (-5).
   It protects you from fire.
   It protects you from cold.
   It protects you from poison.
 D - an amulet of regeneration (around neck)
 G - an uncursed ring of protection from fire
 H - an uncursed ring of see invisible
 I - the ring "Ryeblaem" {Ice rElec rN+ Stlth+}
   (You found it in a wizard's laboratory)

   [ring of ice]

   It enhances your ice magic.
   It makes you vulnerable to fire.
   It protects you from cold.
   It insulates you from electricity.
   It protects you from negative energy.
   It makes you more stealthy.
 U - an uncursed ring of positive energy
 V - the ring of Twilight {rElec rF+ rN+ Int+3 Dex+3}
   (You took it off a deep elf demonologist on level 2 of the Elven Halls)

   [ring of protection from fire]

   It affects your intelligence (+3).
   It affects your dexterity (+3).
   It protects you from fire.
   It insulates you from electricity.
   It protects you from negative energy.
 W - an uncursed ring of resist corrosion
Wands
 u - a wand of digging (3)
 z - a wand of disintegration (17)
 F - a wand of acid (62) (quivered)
 Q - a wand of iceblast (52)
Scrolls
 e - 25 scrolls of remove curse
 g - 5 scrolls of blinking
 k - 2 scrolls of summoning
 o - 10 scrolls of enchant weapon
 p - 8 scrolls of enchant armour
 v - 27 scrolls of teleportation
 y - 8 scrolls of fear
 B - 10 scrolls of identify
 J - 7 scrolls of magic mapping
 K - 11 scrolls of fog
 Z - 4 scrolls of holy word
Potions
 h - 3 potions of invisibility
 i - 16 potions of lignification
 l - 8 potions of ambrosia
 m - 15 potions of curing
 s - 13 potions of might
 w - 9 potions of mutation
 E - 4 potions of flight
 L - 11 potions of haste
 N - 2 potions of resistance
 O - 11 potions of heal wounds
 S - 4 potions of cancellation
Miscellaneous
 a - a lightning rod (4/4)
 c - a phial of floods
 M - a phantom mirror
 R - a condenser vane
 Y - a box of beasts


   Skills:
 O Level 27 Fighting
 O Level 27 Axes
 O Level 27 Armour
 O Level 27 Dodging
 + Level 18.5 Evocations


You had 26 spell levels left.
You didn't know any spells.
Your spell library was empty.

Dungeon Overview and Level Annotations

Branches:
Dungeon (15/15)            Temple (1/1) D:7            Lair (6/6) D:11
  Swamp (4/4) Lair:3       Spider (4/4) Lair:3        Slime (2/5) Lair:6
    Orc (2/2) D:10            Elf (3/3) Orc:2        Vaults (5/5) D:14
  Crypt (0/3) Vaults:3     Depths (5/5) D:15            Zot (5/5) Depths:5
 Bailey (visited)         Volcano (visited)          WizLab (visited)

Altars:
Ashenzari
Cheibriados
Dithmenos
Elyvilon
Fedhas
Gozag
Hepliaklqana
Kikubaaqudgha
Makhleb
Nemelex Xobeh
Okawaru
Qazlal
Ru
Sif Muna
Trog
Uskayaw
Vehumet
Wu Jian
Xom
Yredelemnul
Zin
The Shining One
Beogh
Jiyva

Shops:
D:7 ?[[   D:10 (   Orc:2 *([:   Elf:1 =[   Elf:3 }   Vaults:2 *   Vaults:5 }
Depths:2 =}=

Portals:
Hell: Depths:1 Depths:2 Depths:3 Depths:4 Depths:5
Abyss: Depths:4
Pandemonium: Depths:3 Depths:5
Ziggurat: Depths:5


Innate Abilities, Weirdness & Mutations

You reflexively headbutt those who attack you in melee.
You have a pair of horns on your head.
You have an uncontrollable temper.
Armour fits poorly on your strangely shaped body.
Your body often deteriorates upon taking damage.
You are very weak. (Str -4)
You expend magic power (3 MP) to strengthen your wands.


Message History

There is a stone staircase leading up here.
You climb upwards.
There is a stone staircase leading down here.
There is a stone staircase leading up here.
You climb upwards.
There is a stone staircase leading down here.
There is a stone staircase leading up here.
You climb upwards.
There is a stone staircase leading down here.
There is a stone staircase leading up here.
You climb upwards.
There is a stone staircase leading down here.
A smoke demon comes into view.
The smoke demon roars!
The smoke demon gestures at you. Something smites you!
The smoke demon gestures at you. Something smites you!
There is a staircase leading out of the dungeon here.
You have escaped!

#..........# #..........####.###
#..........## #.............#...#
#...........###.............###.#
#.....................##)..^###.#
#............#.....##.##....#...#
#...........##8###8##)##....#.###
#............#.....3..##....#....
#............#.....#..#..........
#########+#..#..@..#..#.....#....
#......#.....#........#....
#..##........#.3..#####....
#.....##8###8##.#.#####....
########.....#.....#..#....######
......................####.#
..†#.#########..##.##......##
...#.#......................#
####.#.###############.##.###


You could see a smoke demon.

Vanquished Creatures
  4 orbs of fire (Zot:5)
  A juggernaut (Depths:5)
  7 ancient liches
  Sojobo (Depths:1)
  7 Killer Klowns (Zot:5)
  Xtahua (Vaults:3)
  Margery (Depths:2)
  A curse toe (Zot:5)
  4 caustic shrikes (Depths:5)
  3 pandemonium lords
  Nikola (Swamp:3)
  11 golden dragons
  A Hellbinder (WizLab)
  the Enchantress (Depths:1)
  2 bone dragons
  Jorgrun (D:14)
  4 electric golems
  16 tentacled monstrosities
  A hellephant (Depths:3)
  4 liches
  The ghost of WiseOSalty the Warrior, an adept DsFi of Qazlal (Elf:2)
  Rupert (D:15)
  2 deep elf blademasters (Elf:3)
  8 quicksilver dragons
  2 deep elf master archers (Elf:3)
  27 Orb Guardians
  4 titans (Vaults:5)
  9 acid blobs
  6 death cobs
  6 sphinxes
  Frances (D:14)
  16 tengu reavers
  17 storm dragons
  Kirke (Spider:1)
  3 draconian monks
  Donald (Vaults:4)
  11 shadow dragons
  9 frost giants
  11 fire giants
  3 azure jellies
  A fire giant (shapeshifter) (Vaults:5)
  3 iron dragons
  3 draconian scorchers
  5 deep elf sorcerers
  4 draconian knights
  11 ghost moths
  3 balrugs
  24 vault wardens
  The ghost of RandThor the Warrior, a journeyman MiBe of Trog (Orc:2)
  2 emperor scorpions (Spider:4)
  3 draconian annihilators
  5 orc warlords
  4 deep elf elementalists
  2 cacodemons (WizLab)
  6 draconian stormcallers
  The ghost of Riddle the Fighter, an adept VSFi of Qazlal (Lair:4)
  Aizul (Elf:3)
  A curse skull (Vaults:3)
  6 spriggan defenders
  13 ironheart preservers
  A ghoul (Vaults:3)
  3 war gargoyles
  2 reapers
  28 very ugly things
  7 draconian shifters
  5 vampire knights
  7 deep elf demonologists
  22 stone giants
  9 white draconians
  15 black draconians
  8 green draconians
  Nessos (D:15)
  A black sun (WizLab)
  14 purple draconians
  2 entropy weavers
  14 dire elephants (Depths:3)
  6 deep elf annihilators
  13 red draconians
  4 lorocyprocas
  7 bunyips
  10 yellow draconians
  The ghost of Beischinu the Blocker, a journeyman MiFi of Okawaru (Lair:1)
  6 spark wasps
  A merfolk javelineer (Depths:5)
  Snorg (D:12)
  14 ettins
  7 deep elf death magi
  2 blizzard demons (WizLab)
  10 eleionomae
  A crystal guardian (Vaults:4)
  2 green deaths
  2 ettins (shapeshifter)
  12 fire dragons
  8 deep elf high priests
  A death ooze (Lair:4)
  A merfolk impaler (Depths:4)
  Harold (D:7)
  19 yaktaur captains
  8 boulder beetles
  11 great orbs of eyes
  18 ice dragons
  18 hydras
  2 hell beasts (WizLab)
  A rakshasa (Vaults:3)
  11 spriggan air magi
  39 vault guards
  5 ghost crabs
  3 death knights
  A merfolk avatar (Lair:6)
  A two-headed ogre (shapeshifter) (Vaults:5)
  An anaconda (shapeshifter) (Vaults:5)
  A queen ant (shapeshifter) (Vaults:5)
  12 tengu warriors
  51 two-headed ogres
  16 centaur warriors
  7 alligators
  16 ogre magi
  6 death yaks (Lair:4)
  13 deep troll shamans
  35 dancing weapons
  6 deep troll earth magi
  A titan zombie (Vaults:5)
  7 spriggan berserkers
  2 orc high priests
  2 soul eaters
  15 deep elf knights
  Nergalle (Lair:1)
  A large abomination (Zot:5)
  8 iron trolls
  6 sun demons
  14 hell knights
  8 skeletal warriors
  A salamander mystic (Volcano)
  4 small abominations
  A sea snake (Lair:6)
  4 sixfirhies
  5 flayed ghosts
  2 death drakes (shapeshifter)
  A spark wasp zombie (Depths:1)
  4 goliath frogs
  5 unseen horrors
  An infernal demonspawn (Depths:5)
  3 spectral hydras (Swamp:4)
  18 deep trolls
  A sea snake (shapeshifter) (Depths:2)
  A shadow demon (WizLab)
  17 bog bodies
  3 spriggan druids
  5 swamp dragons
  5 glowing orange brains
  Pikel (D:5)
  3 deep elf archers
  An orange crystal statue (D:9)
  7 wizards
  18 orb spiders
  20 ironbrand convokers
  25 orc knights
  5 phantasmal warriors
  2 harpies (shapeshifter) (Vaults:4)
  51 ugly things
  8 necromancers
  6 will-o-the-wisps
  5 harpies
  59 deep elf magi
  A shining eye (Slime:2)
  4 mana vipers (Depths:4)
  5 manticores
  8 orc sorcerers
  6 salamanders (Volcano)
  29 wolf spiders
  A cyclops (shapeshifter) (Vaults:4)
  8 cyclopes
  2 shadow dragon skeletons (Vaults:4)
  2 ice statues (Vaults:3)
  30 moths of wrath
  2 worldbinders (Vaults:3)
  An elephant (shapeshifter) (Vaults:5)
  30 elephants
  A fire giant skeleton (Vaults:5)
  12 vault sentinels
  A black mamba (Lair:5)
  Maurice (Orc:2)
  Joseph (D:7)
  2 orange demons (WizLab)
  A guardian serpent (shapeshifter) (Depths:5)
  4 rust devils
  2 gargoyles
  An eye of devastation (Slime:2)
  3 naga magi (Vaults:3)
  A cane toad (shapeshifter) (Vaults:4)
  A torpor snail (shapeshifter) (Depths:5)
  A torpor snail (Spider:3)
  15 cane toads
  2 yaktaur zombies
  A hellion (WizLab)
  50 yaktaurs
  4 ice devils
  4 rime drakes
  11 komodo dragons
  2 tormentors
  2 efreet
  6 tengu conjurers
  3 swamp worm zombies (Swamp:4)
  12 demonic crawlers
  6 freezing wraiths
  A yaktaur (shapeshifter) (Vaults:4)
  An anaconda simulacrum (Vaults:3)
  6 hellwings
  6 hydra zombies (Swamp:4)
  6 red devils
  A troll (shapeshifter) (Vaults:2)
  20 jumping spiders
  A polar bear (shapeshifter) (Vaults:4)
  2 bloated husks
  13 tyrant leeches
  A wind drake (shapeshifter) (Vaults:1)
  A merfolk (shapeshifter) (Vaults:2)
  14 trolls
  40 hornets
  5 polar bears
  16 blink frogs
  2 spectral swamp dragons (Swamp:4)
  3 wind drakes (Lair:6)
  4 alligator zombies (Swamp:4)
  7 dream sheep (Lair:6)
  Grinder (D:6)
  2 raiju (Vaults:3)
  64 slime creatures
  A slime creature (shapeshifter) (Vaults:5)
  A deep troll zombie (Depths:1)
  A redback (shapeshifter) (Vaults:4)
  A fire dragon zombie (Depths:1)
  17 spriggans
  A vampire (D:14)
  63 redbacks
  13 water elementals
  A tarantella (shapeshifter) (Vaults:1)
  7 wraiths
  An air elemental (Vaults:3)
  10 wyverns
  57 yaks
  46 tarantellas
  A fire elemental (Elf:2)
  4 ynoxinuls
  5 golden eyes
  2 steam dragons
  A neqoxec (Depths:3)
  A human (shapeshifter) (Vaults:3)
  A basilisk (shapeshifter) (Vaults:5)
  3 chaos spawn
  3 basilisks
  11 swamp worms
  15 vampire mosquitoes
  Edmund (D:4)
  4 wargs
  A hydra simulacrum (Vaults:3)
  13 water moccasins
  A floating eye (Depths:4)
  50 orc warriors
  A swamp drake (Swamp:2)
  5 sky beasts
  A swamp dragon zombie (Swamp:4)
  An ettin simulacrum (Vaults:1)
  5 eyes of draining
  A fire dragon simulacrum (Vaults:3)
  3 ice beasts
  42 ogres
  A necrophage (D:8)
  8 phantoms
  2 black mamba simulacra (Vaults:3)
  6 black bears
  An ice dragon simulacrum (Depths:1)
  7 wolves
  3 boggarts
  19 centaurs
  3 lemures (D:5)
  4 big kobolds
  21 bullfrogs
  2 earth elementals
  A bullfrog (shapeshifter) (Depths:2)
  A human skeleton (Vaults:5)
  3 scorpions
  15 killer bees
  2 elephant simulacra (Vaults:3)
  A human simulacrum (Vaults:3)
  An orc simulacrum (Vaults:1)
  A killer bee (shapeshifter) (D:9)
  A troll skeleton (D:8)
  10 wights
  5 howler monkeys
  6 electric eels
  2 crimson imps (Depths:5)
  3 quasits
  4 bullfrog zombies
  3 centaur zombies
  8 hounds
  3 centaur skeletons
  5 human zombies
  9 jellies
  16 orc priests
  3 bullfrog skeletons
  4 iguanas
  4 iron imps
  4 lightning spires (Vaults:3)
  24 orc wizards
  4 hell rats (Lair:3)
  8 worker ants
  A killer bee zombie (D:9)
  2 mummies (D:8)
  25 gnolls
  8 adders
  A naga simulacrum (Vaults:3)
  3 swamp drake zombies (Swamp:4)
  2 shadow imps
  4 white imps
  4 ufetubi
  2 oozes (Lair:6)
  4 adder skeletons
  A worm (D:6)
  2 dart slugs
  6 leopard geckos
  85 orcs
  A ball python (D:7)
  7 bats
  4 giant cockroaches
  4 goblins
  23 hobgoblins
  13 jackals
  23 kobolds
  6 quokkas
  7 frilled lizards
  A jackal zombie (D:8)
  A leopard gecko skeleton (D:4)
  An orc skeleton (D:8)
  10 rats
  A crawling corpse (Vaults:5)
2589 creatures vanquished.

Vanquished Creatures (collateral kills)
  6 orb spiders (Spider:4)
  A wolf spider (Spider:4)
  A demonic crawler (Spider:4)
  A jumping spider (Spider:4)
  2 tarantellas (Spider:4)
11 creatures vanquished.

Vanquished Creatures (others)
  A deep elf high priest (Vaults:5)
  A vault guard (Vaults:5)
  A ghost crab (Swamp:4)
  A deep elf knight (Elf:2)
  An ironbrand convoker (Vaults:5)
  3 deep elf magi
  A demonic crawler (Spider:3)
  A red devil (Depths:5)
  4 bloated husks (Swamp:4)
  A tarantella (Spider:4)
  A spriggan (Swamp:1)
  2 humans (Spider:1)
  A golden eye (Slime:2)
  3 phantoms (Swamp:4)
  A centaur (Vaults:2)
  An orc (Orc:1)
  4 ball lightnings (Vaults:3)
  5 bushes (Lair:6)
  22 foxfires
  124 fungi
  128 plants
  42 withered plants (Swamp:3)
349 creatures vanquished.

Grand Total: 2949 creatures vanquished

Notes
Turn   | Place    | Note
-------+----------+-------------------------------------------
     0 | D:1      | manix the Minotaur Berserker began the quest for the Orb.
     0 | D:1      | Reached XP level 1. HP: 19/19 MP: 0/0
   303 | D:1      | Reached XP level 2. HP: 27/27 MP: 1/1
   674 | D:1      | Reached ** piety under Trog
  1129 | D:2      | Reached XP level 3. HP: 26/33 MP: 2/2
  1442 | D:2      | Reached XP level 4. HP: 40/40 MP: 3/3
  1874 | D:3      | Found a blossoming altar of Fedhas.
  1990 | D:3      | Found a shimmering altar of Xom.
  2124 | D:3      | Reached skill level 5 in Axes
  2145 | D:3      | Found an opulent altar of Gozag.
  2182 | D:3      | Reached XP level 5. HP: 47/47 MP: 4/4
  2534 | D:3      | Reached *** piety under Trog
  2624 | D:4      | Found a shimmering blue altar of Sif Muna.
  2981 | D:4      | Reached XP level 6. HP: 51/55 MP: 5/5
  3007 | D:4      | Noticed Edmund
  3035 | D:4      | Killed Edmund
  3036 | D:4      | Reached skill level 5 in Fighting
  3354 | D:5      | Entered Level 5 of the Dungeon
  3542 | D:5      | Noticed Pikel
  3714 | D:5      | Reached **** piety under Trog
  3715 | D:5      | Reached XP level 7. HP: 61/61 MP: 6/6
  4015 | D:5      | Reached skill level 5 in Armour
  4428 | D:5      | Killed Pikel
  4429 | D:5      | Reached skill level 5 in Dodging
  4429 | D:5      | Reached XP level 8. HP: 71/71 MP: 7/7
  4768 | D:6      | Noticed Grinder
  4780 | D:6      | Paralysed by Grinder for 5 turns
  4789 | D:6      | Killed Grinder
  5408 | D:6      | Noticed a moth of wrath
  5411 | D:6      | Found a bloodstained altar of Trog.
  5696 | D:6      | Found a radiant altar of Vehumet.
  5697 | D:6      | Found a hide-covered altar of Uskayaw.
  5806 | D:7      | Found Forhius's Armour Boutique.
  5859 | D:7      | Noticed Harold
  5873 | D:7      | Killed Harold
  5874 | D:7      | Reached skill level 10 in Axes
  5874 | D:7      | Reached XP level 9. HP: 80/80 MP: 0/8
  5983 | D:7      | Noticed a two-headed ogre
  6008 | D:7      | Killed a two-headed ogre
  6976 | D:7      | Reached XP level 10. HP: 89/90 MP: 9/9
  6997 | D:7      | Found Puhad's Magic Scroll Shop.
  7068 | D:7      | Noticed Joseph
  7086 | D:7      | Killed Joseph
  7148 | D:7      | Found a staircase to the Ecumenical Temple.
  7163 | Temple   | Entered the Ecumenical Temple
  7404 | D:7      | Found Kyg Nitwia's Antique Armour Boutique.
  7497 | D:7      | Reached ***** piety under Trog
  7555 | D:7      | Found a stormy altar of Qazlal.
  7961 | D:8      | Noticed a two-headed ogre
  7971 | D:8      | Killed a two-headed ogre
  8429 | D:8      | Received a gift from Trog
  8448 | D:8      | Found a basalt altar of Yredelemnul.
  8786 | D:9      | Noticed an orange crystal statue
  8803 | D:8      | Found a hazy altar of Hepliaklqana.
  9146 | D:9      | Found a white marble altar of Elyvilon.
  9290 | D:9      | Reached XP level 11. HP: 80/99 MP: 10/10
  9715 | D:9      | Reached skill level 10 in Fighting
  9734 | D:9      | Noticed a tengu warrior
  9734 | D:9      | Noticed a purple ugly thing
  9740 | D:9      | Killed a tengu warrior
  9768 | D:9      | Killed a purple ugly thing
  9802 | D:9      | Noticed a centaur warrior
  9804 | D:9      | Killed a centaur warrior
  9805 | D:9      | Reached skill level 10 in Armour
  9894 | D:9      | Noticed a centaur warrior
  9898 | D:9      | Killed a centaur warrior
 10076 | D:9      | Noticed a deep elf mage
 10083 | D:9      | Killed a deep elf mage
 10543 | D:9      | Found a sacrificial altar of Ru.
 10659 | D:9      | Received a gift from Trog
 11208 | D:9      | Killed an orange crystal statue
 11285 | D:10     | Entered Level 10 of the Dungeon
 11355 | D:10     | Found a flagged portal.
 11360 | D:10     | Found a staircase to the Orcish Mines.
 11364 | Bailey   | Entered a bailey
 12146 | D:10     | Noticed a two-headed ogre
 12153 | D:10     | Killed a two-headed ogre
 12276 | D:10     | Noticed a two-headed ogre
 12290 | D:10     | Killed a two-headed ogre
 12291 | D:10     | Reached skill level 10 in Dodging
 12291 | D:10     | Reached XP level 12. HP: 110/110 MP: 11/11
 12399 | D:10     | Noticed a two-headed ogre
 12408 | D:10     | Killed a two-headed ogre
 12455 | D:10     | Found an ornate altar of the Wu Jian Council.
 12571 | D:10     | Found Fuedist's Weapon Shoppe.
 13095 | D:11     | Noticed a boulder beetle
 13124 | D:11     | Killed a boulder beetle
 13125 | D:11     | Reached skill level 15 in Axes
 14616 | D:11     | Found a staircase to the Lair.
 14643 | Lair:1   | Entered Level 1 of the Lair of Beasts
 14652 | Lair:1   | Found a transporter.
 14654 | Lair:1   | Noticed Beischinu's ghost (journeyman MiFi)
 14655 | Lair:1   | Noticed a boulder beetle
 14663 | Lair:1   | Noticed Nergalle
 14664 | Lair:1   | Found a transporter.
 14681 | Lair:1   | Killed Nergalle
 14711 | Lair:1   | Killed Beischinu's ghost
 14715 | Lair:1   | Killed a boulder beetle
 14790 | Lair:1   | Reached ****** piety under Trog
 15052 | Lair:1   | Noticed a five-headed hydra
 15060 | Lair:1   | Killed a three-headed hydra
 15060 | Lair:1   | Noticed a six-headed hydra
 15081 | Lair:1   | Killed a three-headed hydra
 15276 | Lair:1   | Found a white marble altar of Elyvilon.
 15732 | Lair:1   | Reached XP level 13. HP: 119/119 MP: 12/12
 15761 | Lair:2   | Received a gift from Trog
 15809 | Lair:2   | Reached XP level 14. HP: 95/127 MP: 13/13
 17028 | Lair:3   | Got a flickering pewter ring
 17029 | Lair:3   | Identified the ring "Caivil" {Fire Str+5} (You found it on
                  | level 3 of the Lair of Beasts)
 17088 | Lair:3   | Found a hole to the Spider Nest.
 17876 | Lair:3   | Found a staircase to the Swamp.
 19731 | Lair:4   | Found a runed translucent gate.
 19732 | Lair:4   | Found a runed translucent gate.
 19733 | Lair:4   | Found a runed translucent gate.
 19734 | Lair:4   | Noticed Riddle's ghost (adept VSFi)
 19736 | Lair:4   | Found a viscous altar of Jiyva.
 19879 | Lair:4   | Killed Riddle's ghost
 19879 | Lair:4   | Received a gift from Trog
 21384 | Lair:5   | Identified a scroll of acquirement
 21384 | Lair:5   | Acquired a manual of Dodging
 21390 | Lair:5   | Got a masterwork hand crossbow
 21390 | Lair:5   | Identified the +2 hand crossbow "Ifoy" {penet, rF- Will++}
                  | (You found it on level 5 of the Lair of Beasts)
 21481 | Lair:6   | Entered Level 6 of the Lair of Beasts
 21516 | Lair:6   | Found a staircase to the Slime Pits.
 21526 | Lair:6   | Reached XP level 15. HP: 111/137 MP: 14/14
 21552 | Lair:6   | Found a dark tunnel.
 21564 | Volcano  | Entered a volcano
 21589 | Volcano  | Found a burning altar of Makhleb.
 24740 | D:12     | Found a burning altar of Makhleb.
 24753 | D:12     | Noticed Snorg
 24765 | D:12     | Killed Snorg
 25354 | D:13     | Found a shimmering altar of Xom.
 25972 | D:14     | Noticed Frances
 25987 | D:14     | Killed Frances
 26334 | D:14     | Reached skill level 15 in Fighting
 26617 | D:14     | Noticed Jorgrun
 26631 | D:14     | Reached XP level 16. HP: 137/149 MP: 15/15
 26645 | D:14     | Killed Jorgrun
 26645 | D:14     | Received a gift from Trog
 26646 | D:14     | Reached skill level 15 in Dodging
 26734 | D:14     | Got a scorched executioner's axe {god gift}
 26734 | D:14     | Identified the +9 executioner's axe of Equivalence {vorpal,
                  | *Drain rElec rF+ Str+4} (Trog gifted it to you on level 14
                  | of the Dungeon)
 26838 | D:14     | Reached skill level 15 in Armour
 27404 | D:14     | Found a gate to the Vaults.
 27631 | D:15     | Entered Level 15 of the Dungeon
 27631 | D:15     | Found a broken altar of Ashenzari.
 27781 | D:15     | Noticed Rupert
 27792 | D:15     | Killed Rupert
 27801 | D:15     | Noticed Nessos
 27820 | D:15     | Killed Nessos
 28213 | D:15     | Found a staircase to the Depths.
 28938 | Orc:1    | Entered Level 1 of the Orcish Mines
 30243 | Orc:1    | Received a gift from Trog
 30552 | Orc:2    | Entered Level 2 of the Orcish Mines
 30558 | Orc:2    | Noticed Maurice
 30680 | Orc:2    | Found a runed translucent door.
 30680 | Orc:2    | Noticed RandThor's ghost (journeyman MiBe)
 30680 | Orc:2    | Identified the cursed +3 broad axe of Fee Simple {chaos,
                  | rF+ Dex+3}
 30681 | Orc:2    | Found a shimmering altar of Xom.
 30696 | Orc:2    | Killed RandThor's ghost
 31027 | Orc:2    | Killed Maurice
 31174 | Orc:2    | Found a staircase to the Elven Halls.
 31516 | Orc:2    | Found a roughly hewn altar of Beogh.
 31517 | Orc:2    | Received a gift from Trog
 31525 | Orc:2    | Found Ofiulieme's Antique Armour Emporium.
 31548 | Orc:2    | Found Kanuasch's General Store.
 31550 | Orc:2    | Found Akuto's Antique Weapon Emporium.
 31713 | Orc:2    | Found Qugh's Book Emporium.
 31752 | Orc:2    | Bought a scroll of blinking for 127 gold pieces
 32379 | Swamp:1  | Entered Level 1 of the Swamp
 33115 | Swamp:1  | Reached XP level 17. HP: 145/158 MP: 16/16
 34064 | Swamp:2  | Received a gift from Trog
 35466 | Swamp:3  | Noticed Nikola
 35480 | Swamp:3  | Killed Nikola
 37589 | Swamp:4  | Entered Level 4 of the Swamp
 38066 | Swamp:4  | Received a gift from Trog
 38207 | Swamp:4  | Reached XP level 18. HP: 156/169 MP: 17/17
 38561 | Swamp:4  | Noticed a bone dragon
 38577 | Swamp:4  | Killed a bone dragon
 39180 | Swamp:4  | Got a decaying rune of Zot
 39376 | Swamp:4  | Acquired the +1 hat of Xom's Favour {Str+4}
 39642 | Spider:1 | Entered Level 1 of the Spider Nest
 39748 | Spider:1 | Found a runed translucent door.
 39794 | Spider:1 | Noticed Kirke
 39803 | Spider:1 | Killed Kirke
 39980 | Spider:1 | Got a heavily runed ring mail
 39990 | Spider:1 | Identified the +0 ring mail of Restlessness {MP+9 Str+2}
                  | (You found it on level 1 of the Spider Nest)
 41205 | Spider:2 | Received a gift from Trog
 41323 | Spider:2 | Got a heavily runed bronze ring
 41327 | Spider:2 | Identified the ring of Fasut {rC- rN+ Str+6} (You found it
                  | on level 2 of the Spider Nest)
 41748 | Spider:3 | Found a transporter.
 42781 | Spider:3 | Found a transporter.
 42791 | Spider:3 | Got a flickering emerald amulet
 42802 | Spider:3 | Identified the amulet "Jaive" {RegenMP rF+ rN++ Dex-5} (You
                  | found it on level 3 of the Spider Nest)
 42825 | Spider:3 | Got a vibrating granite ring
 42827 | Spider:3 | Lost intelligence.
 42827 | Spider:3 | Identified the cursed ring of Xinus {Str-4 Int-5 Dex+2
                  | SInv} (You found it on level 3 of the Spider Nest)
 42889 | Spider:3 | Received a gift from Trog
 43016 | Spider:4 | Entered Level 4 of the Spider Nest
 43348 | Spider:4 | Received a gift from Trog
 43377 | Spider:4 | Reached XP level 19. HP: 103/179 MP: 4/18
 43783 | Spider:4 | Got a gossamer rune of Zot
 44835 | Slime:1  | Entered Level 1 of the Pits of Slime
 46859 | Slime:2  | Gained mutation: You expend magic power (3 MP) to
                  | strengthen your wands. [a shining eye]
 46862 | Slime:2  | Gained mutation: You tend to lose your temper in combat. [a
                  | shining eye]
 47250 | Vaults:1 | Entered Level 1 of the Vaults
 48054 | Vaults:1 | Received a gift from Trog
 48262 | Vaults:1 | You fall into a shaft and drop 1 floor!
 48908 | Vaults:1 | Received a gift from Trog
 48920 | Vaults:1 | Reached XP level 20. HP: 189/189 MP: 19/19
 50197 | Vaults:2 | Received a gift from Trog
 50951 | Vaults:2 | Found Dipt's General Store.
 51767 | Vaults:3 | Identified Aroag's Guide on Illusion
 51804 | Vaults:3 | Received a gift from Trog
 51905 | Vaults:3 | Identified the Tome of the Birds
 52401 | Vaults:3 | Identified the Tome of the Frostbite
 52862 | Vaults:3 | Noticed Xtahua
 52880 | Vaults:3 | Killed Xtahua
 52960 | Vaults:3 | Found a radiant altar of Vehumet.
 53686 | Vaults:3 | Found a staircase to the Crypt.
 54209 | Vaults:4 | Reached XP level 21. HP: 200/200 MP: 20/20
 54209 | Vaults:4 | Noticed Donald
 54217 | Vaults:4 | Killed Donald
 54429 | Vaults:4 | Received a gift from Trog
 54437 | Vaults:4 | Identified the +10 battleaxe of Lyusaph {vorpal, Dex+2}
                  | (Trog gifted it to you on level 4 of the Vaults)
 55679 | Vaults:4 | Noticed a golden dragon
 55688 | Vaults:4 | Killed a golden dragon
 55784 | Vaults:4 | Identified the +6 broad axe "Demonslayer" {antimagic,
                  | Fragile Int+8 Dex+4 SInv}
 55784 | Vaults:4 | Identified the amulet of Esmughip {Reflect rElec rC+ SH+5}
 55821 | Vaults:4 | Identified the +2 war axe of Aclamett {drain, Stlth+} (You
                  | found it on level 4 of the Vaults)
 56046 | Vaults:4 | Received a gift from Trog
 57306 | Elf:1    | Entered Level 1 of the Elven Halls
 57319 | Elf:1    | Received a gift from Trog
 57374 | Elf:1    | Found Potsy's Antique Armour Shop.
 57380 | Elf:1    | Found Daothe's Jewellery Shop.
 57394 | Elf:1    | Found a flickering gateway to a bazaar.
 57399 | Bazaar   | Entered a bazaar
 57403 | Bazaar   | Found Fetaj's Jewellery Boutique.
 57421 | Bazaar   | Found Muabaix's Antique Armour Emporium.
 57426 | Bazaar   | Bought a brightly glowing cloak for 199 gold pieces
 57436 | Bazaar   | Identified the +3 cloak of Holer {Stlth+} (You bought it in
                  | a shop in a bazaar)
 57448 | Bazaar   | Found Facvinku's Magic Scroll Boutique.
 57453 | Bazaar   | Bought a scroll of identify for 30 gold pieces
 57453 | Bazaar   | Bought a scroll of identify for 30 gold pieces
 57453 | Bazaar   | Bought a scroll of identify for 30 gold pieces
 57453 | Bazaar   | Bought a scroll of blinking for 112 gold pieces
 57453 | Bazaar   | Bought a scroll of acquirement for 780 gold pieces
 57453 | Bazaar   | Bought a scroll of fear for 52 gold pieces
 57457 | Bazaar   | Acquired 365 gold pieces
 57488 | Bazaar   | Found Teral's Antique Weapon Shoppe.
 57594 | Elf:1    | Found a magical portal.
 57602 | WizLab   | Entered The Hall of the Hellbinder
 57638 | WizLab   | Reached XP level 22. HP: 211/211 MP: 21/21
 57663 | WizLab   | Reached skill level 27 in Axes
 58215 | WizLab   | Received a gift from Trog
 58230 | WizLab   | Gained mutation: You are dopey. (Int -2) [a cacodemon]
 58491 | WizLab   | Found a burning altar of Makhleb.
 58567 | WizLab   | Identified the +5 rapier of Eternal Night {protect, rElec
                  | Int+3 SInv} (You found it in a wizard's laboratory)
 58571 | WizLab   | Got a coiled pewter ring
 58573 | WizLab   | Identified the ring "Ryeblaem" {Ice rElec rN+ Stlth+} (You
                  | found it in a wizard's laboratory)
 59558 | Elf:2    | Found a huge runed translucent gate.
 59558 | Elf:2    | Found a huge runed translucent gate.
 59564 | Elf:2    | Found a huge runed translucent gate.
 59565 | Elf:2    | Found a huge runed translucent gate.
 59566 | Elf:2    | Found a huge runed translucent gate.
 59645 | Elf:2    | Found a runed translucent door.
 59646 | Elf:2    | Noticed WiseOSalty's ghost (adept DsFi)
 59667 | Elf:2    | Killed WiseOSalty's ghost
 59670 | Elf:2    | Received a gift from Trog
 59672 | Elf:2    | Identified Imeyxkue's Papyrus of Quantum Curses
 61237 | Elf:3    | Entered Level 3 of the Elven Halls
 61249 | Elf:3    | Got a distressingly furry scale mail
 61259 | Elf:3    | Identified the +2 scale mail "Piuzuast" {*Drain rF+ rC+
                  | SInv} (You found it on level 3 of the Elven Halls)
 61383 | Elf:3    | Found Tollessek's Gadget Emporium.
 61634 | Elf:3    | Noticed Aizul
 61640 | Elf:3    | Killed Aizul
 61800 | Elf:3    | Identified the +2 robe "Zul Puac" {+Inv rCorr Str-2 Int-4}
 61818 | Elf:3    | Identified the ring of Twilight {rElec rF+ rN+ Int+3 Dex+3}
 61827 | Elf:3    | HP: 5/206 [soul eater/drain life[a deep elf demonologist]
                  | (8)]
 61828 | Elf:3    | Received a gift from Trog
 61830 | Elf:3    | HP: 1/207 [deep elf demonologist/+0 long sword (6)]
 62819 | Elf:3    | Identified the amulet of Gifry {RegenMP Int+4}
 63396 | Elf:3    | Identified the Grimoire of Evil and Snow
 63418 | Elf:3    | Identified the Incunabulum of Virous Conjuration
 63419 | Elf:3    | Identified the Almanac of Shape Shifting
 63425 | Elf:3    | Got a brightly glowing cloak
 63435 | Elf:3    | Identified the +1 cloak "Uwkineal" {+Inv rElec Regen+
                  | Str-3} (You found it on level 3 of the Elven Halls)
 63497 | Elf:3    | Identified Miso's Volume of Mutagenic Clay
 63505 | Elf:3    | Got a scorched chain mail
 63515 | Elf:3    | Identified the +0 chain mail "Pukhlop" {rPois Str+4 Dex+4}
                  | (You found it on level 3 of the Elven Halls)
 63956 | Depths:1 | Entered Level 1 of the Depths
 63992 | Depths:1 | Noticed the Enchantress
 64013 | Depths:1 | Killed the Enchantress
 64027 | Depths:1 | Reached XP level 23. HP: 63/222 MP: 22/22
 64037 | Depths:1 | Received a gift from Trog
 64492 | Depths:1 | Identified the +1 shortbow of Patterns {venom, Dex+4} (You
                  | found it on level 1 of the Depths)
 65209 | Depths:1 | Found an opulent altar of Gozag.
 65278 | Depths:1 | Noticed Sojobo
 65293 | Depths:1 | Killed Sojobo
 65539 | Depths:1 | Found a gateway to Hell.
 65702 | Depths:2 | Noticed Margery
 65728 | Depths:2 | Killed Margery
 65732 | Depths:2 | Received a gift from Trog
 65895 | Depths:2 | Paralysed by a lich for 5 turns
 66576 | Depths:2 | Identified the +3 kite shield of the Poles {Int+6} (You
                  | found it on level 2 of the Depths)
 66693 | Depths:2 | Found Qocuhay's Gadget Boutique.
 66694 | Depths:2 | Found Koaghun's Jewellery Shoppe.
 66694 | Depths:2 | Found Filelal's Jewellery Shoppe.
 66888 | Depths:2 | Found the +8 glaive of the Guard {elec, spectral, AC+5}
 67585 | Depths:2 | Found a shimmering altar of Xom.
 68085 | Depths:3 | Reached XP level 24. HP: 232/235 MP: 22/22
 68094 | Depths:3 | Received a gift from Trog
 68397 | Depths:3 | You fall into a shaft and drop 1 floor!
 68819 | Depths:3 | Found a one-way gate leading to the halls of Pandemonium.
 69072 | Depths:4 | Received a gift from Trog
 69398 | Depths:4 | Acquired a +1 pair of gloves of dexterity
 69586 | Depths:4 | Found a one-way gate to the infinite horrors of the Abyss.
 70171 | Depths:4 | Found a runed translucent door.
 70245 | Depths:4 | Found a runed translucent door.
 70245 | Depths:4 | Noticed an ancient lich
 70262 | Depths:4 | Killed an ancient lich
 70924 | Depths:5 | Entered Level 5 of the Depths
 71072 | Depths:5 | Reached XP level 25. HP: 248/248 MP: 22/22
 71074 | Depths:5 | Received a gift from Trog
 71703 | Depths:5 | Noticed a juggernaut
 71712 | Depths:5 | Killed a juggernaut
 72042 | Depths:5 | Found a gate to the Realm of Zot.
 72172 | Depths:5 | Found a gateway to a ziggurat.
 72820 | Vaults:5 | Entered Level 5 of the Vaults
 72829 | Vaults:5 | Received a gift from Trog
 73192 | Vaults:5 | Received a gift from Trog
 73213 | Vaults:5 | Identified the +8 quarterstaff of Gallantry {chaos, Str+4}
 73218 | Vaults:5 | Reached XP level 26. HP: 264/264 MP: 22/22
 73660 | Vaults:5 | Identified the Volume of Flames and Shape Shifting
 73710 | Vaults:5 | Reached skill level 27 in Fighting
 73799 | Vaults:5 | Identified the +4 arbalest of a Labyrinth {elec, rC+ Str+5}
                  | (You found it on level 5 of the Vaults)
 73832 | Vaults:5 | Got a silver rune of Zot
 73894 | Vaults:5 | Received a gift from Trog
 74106 | Vaults:5 | Identified the ring "Lootrur" {rPois rF+ rC+ Str+7 Int-5}
 74285 | Vaults:5 | Got a vibrating lead amulet
 74291 | Vaults:5 | Identified the amulet "Forevit" {Inacc Int+4} (You found it
                  | on level 5 of the Vaults)
 74692 | Vaults:5 | Identified the cursed +1 hunting sling of Kymizoesk {speed,
                  | Dex+5}
 74692 | Vaults:5 | Identified the +6 chain mail of Boatwon {rElec rF+ Str+4}
 75038 | Vaults:5 | Found Vinn's Gadget Shoppe.
 75257 | Vaults:5 | Identified the cursed +3 hand axe of Winkowkea {flame,
                  | +Blink Int+4} (You found it on level 5 of the Vaults)
 75654 | Zot:1    | Entered Level 1 of the Realm of Zot
 76620 | Zot:2    | Received a gift from Trog
 76650 | Zot:2    | Reached XP level 27. HP: 273/273 MP: 22/22
 77512 | Zot:3    | Reached skill level 27 in Armour
 77842 | Zot:3    | Received a gift from Trog
 78076 | Zot:3    | Reached skill level 27 in Dodging
 78185 | Zot:3    | Reached skill level 1 in Evocations
 79032 | Zot:4    | Reached skill level 5 in Evocations
 79896 | Zot:5    | Entered Level 5 of the Realm of Zot
 80286 | Zot:5    | Received a gift from Trog
 80289 | Zot:5    | Reached skill level 10 in Evocations
 80730 | Zot:5    | Noticed an ancient lich
 80743 | Zot:5    | Killed an ancient lich
 80754 | Zot:5    | Noticed an orb of fire
 80822 | Zot:5    | Gained mutation: You are weak. (Str -2) [an orb of fire]
 80823 | Zot:5    | Gained mutation: Armour fits poorly on your strangely
                  | shaped body. [an orb of fire]
 80848 | Zot:5    | Killed an orb of fire
 81405 | Zot:5    | Noticed an ancient lich
 81414 | Zot:5    | Killed an ancient lich
 81519 | Zot:5    | Reached skill level 15 in Evocations
 81526 | Zot:5    | Gained mutation: You are very weak. (Str -4) [mutagenic
                  | glow]
 81537 | Zot:5    | Gained mutation: You often lose your temper in combat.
                  | [mutagenic glow]
 81642 | Zot:5    | Received a gift from Trog
 81644 | Zot:5    | Noticed an ancient lich
 81645 | Zot:5    | Noticed an orb of fire
 81646 | Zot:5    | Noticed an orb of fire
 81650 | Zot:5    | Noticed an orb of fire
 81650 | Zot:5    | Gained mutation: You have an uncontrollable temper. [an orb
                  | of fire]
 81652 | Zot:5    | Noticed an ancient lich
 81660 | Zot:5    | Killed an orb of fire
 81667 | Zot:5    | Noticed an ancient lich
 81670 | Zot:5    | Killed an orb of fire
 81670 | Zot:5    | Gained mutation: Your body sometimes deteriorates upon
                  | taking damage. [an orb of fire]
 81678 | Zot:5    | Killed an ancient lich
 81683 | Zot:5    | Gained mutation: Your body often deteriorates upon taking
                  | damage. [an orb of fire]
 81684 | Zot:5    | Lost mutation: You are dopey. (Int -2) [an orb of fire]
 81686 | Zot:5    | Killed an orb of fire
 81690 | Zot:5    | Noticed an ancient lich
 81722 | Zot:5    | Killed an ancient lich
 81894 | Zot:5    | Killed an ancient lich
 81894 | Zot:5    | Killed an ancient lich
 82421 | Zot:5    | Got the Orb of Zot
 82475 | Zot:5    | Noticed Asuafide the pandemonium lord
 82485 | Zot:5    | Killed Asuafide the pandemonium lord
 82733 | Depths:5 | Noticed Ytuym the pandemonium lord
 82737 | Depths:5 | Killed Ytuym the pandemonium lord
 82953 | D:11     | Noticed Demnim the pandemonium lord
 82963 | D:11     | Killed Demnim the pandemonium lord
 83242 | D:$      | Escaped with the Orb!

Illustrated notes

Levels and vault maps discovered:
D:1:      scummos_arrival_simple_crosswalls, layout_basic
D:2:      layout_basic
D:3:      layout_basic, xom_teletrap_fun, old_standard_altar,
          fedhas_ov_isle_minmay
D:4:      layout_rooms, lemuel_round_altar, uniq_edmund
D:5:      layout_gridville, uniq_pikel
D:6:      layout_cave_pods, tgw_trog, minitemple, uniq_grinder
D:7:      layout_basic, temple_fountains, serial_shops, nicolae_shop_waterfront,
          shop_statue, shop, nicolae_qazlal_general_emergency, uniq_joseph,
          uniq_harold
D:8:      layout_rooms, lemuel_mausoleum_altar_yredelemnul,
          nicolae_overflow_hidden_temple
D:9:      minmay_the_grid_square_5x5_3x3
          [minmay_the_grid_square_5x5_two_walls_b,
          minmay_the_grid_square_5x5_misaligned,
          minmay_the_grid_square_5x5_inset, minmay_the_grid_square_5x5_longway,
          minmay_the_grid_square_5x5_megaprize_open,
          minmay_the_grid_square_5x5_three_small,
          minmay_the_grid_square_5x5_one_wall,
          minmay_the_grid_square_5x5_shrine2, minmay_the_grid_square_5x5_meh],
          layout_irregular_city, overflow_temple_1_default,
          nicolae_ru_awakened_eye, minivault_16
D:10:     layout_big_octagon, orc_0_dummy, basic_altar, serial_shops, shop,
          enter_bailey_2
D:11:     layout_stronghold, erik_lair_dragon, minmay_misc_feat_rows
D:12:     layout_loops_ring, basic_altar, uniq_snorg
D:13:     layout_rooms, basic_altar, st_stairs_14
D:14:     layout_loops_ring, david_vaults_5, dk_noncrumbling_2, uniq_jorgrun,
          uniq_frances
D:15:     grunt_enter_depths_snipers, layout_rooms, hangedman_decor_riveting,
          basic_altar, uniq_nessos, uniq_rupert
Temple:   dpeg_chambers_temple
Lair:1:   layout_regular_city, serial_bayou, serial_bayou_shore_b,
          serial_bayou_shore_a, serial_bayou_ford_a, serial_bayou_shore_b,
          gammafunk_ghost_arena, basic_altar, uniq_nergalle
Lair:2:   layout_cave_pods, ldierk_geyser, serial_bayou_shore_b
Lair:3:   layout_cave_pods, minmay_swamp_entry_worms, spider_nest_entry_webs
Lair:4:   layout_roguey, gammafunk_ghost_ooze, lemuel_another_geyser,
          grunt_megastairs_3
Lair:5:   layout_cellular_growth, beast_lair_carwin_5
Lair:6:   gammafunk_lair_ancient_temple, layout_layer_cave,
          nicolae_slime_entry_slimehenge, serial_rivers,
          chequers_serial_rivers_micro_b, chequers_serial_rivers_small_3,
          chequers_serial_rivers_micro_a, chequers_serial_rivers_small_b,
          chequers_serial_rivers_small_a, chequers_serial_rivers_large_b,
          lightli_volcano_entry_magma_tube, chequers_serial_rivers_small_b,
          lemuel_fruit_tree
Swamp:1:  layout_basic_swamp, evilmike_swamp_ruin_house_5
Swamp:2:  layout_basic_swamp, hangedman_swamp_ruin_wall,
          infiniplex_staircase_pool_2
Swamp:3:  nzn_winding_woodlands_cross [nzn_winding_woodlands_5x15_eye,
          nzn_winding_woodlands_5x15_concentric,
          nzn_winding_woodlands_5x15_pool, nzn_winding_woodlands_5x15_zeroes,
          nzn_winding_woodlands_15x15_killbox], layout_basic_swamp,
          nicolae_swamp_very_dense_foliage, swamp_pool1, st_shrine_of_shade,
          uniq_nikola
Swamp:4:  swamp_pestilence, layout_basic_swamp
Spider:1: cheibrodos_spider_deadly_dance, drop_trap, hangedman_spider_mandibles,
          uniq_kirke
Spider:2: layout_spider_delve, nicolae_spider_webs_and_nodes, lemuel_hornet_nest
Spider:3: gammafunk_its_a_trap
Spider:4: spider_rune_water, nicolae_spider_stair_cavern
Slime:1:  layout_caves
Slime:2:  layout_caves
Orc:1:    layout_diamond_mine, elves_outpost_lemuel
Orc:2:    grunt_orc_cross, layout_diamond_mine, ebering_ghost_xom, uniq_maurice
Elf:1:    minmay_elf_arrival_summoners, layout_geoelf_octagon, serial_shops,
          freezing_bzr, mu_enter_wizlab_4, hangedman_elven_crosses_minicolossus,
          minmay_shop_star
Elf:2:    layout_rooms, ebering_ghost_inner_flame
Elf:3:    elf_hall, layout_geoelf_castle, serial_shops, shop_statue,
          glass_columns_a, drop_trap, uniq_aizul
Vaults:1: v_misc_3, nicolae_vaults_branching_niches,
          nicolae_vaults_little_squares_4, vaults_mumra_hexcomb,
          vaults_dpeg_ring, nicolae_vaults_border_crossing, v_misc_17,
          layout_vaults_omnigrid
Vaults:2: vaults_mumra_minichess_inversion, v_misc_30, vaults_room_ringed_pool,
          v_misc_29, nicolae_vaults_triangles, grunt_vaults_diagonal, v_misc_31,
          ontoclasm_vaults_bender, v_misc_27, nicolae_vaults_little_squares_6,
          v_misc_23, ontoclasm_vaults_gateway, nicolae_vaults_little_squares_2,
          nicolae_vaults_theta, layout_vaults_maze_bifur, serial_shops, shop
Vaults:3: dpeg_vaults_monster_box, vaults_room_hallway,
          minmay_crypt_entry_simple_statues, nicolae_vaults_hallways_thing,
          nicolae_vaults_little_squares_4, vaults_room_semicircle,
          hangedman_vaults_river_flow, vaults_room_pools,
          nicolae_vaults_network_s, grunt_vaults_hallway_long,
          nicolae_vaults_little_squares_6, v_misc_27, ontoclasm_vaults_chip,
          layout_vaults_ring, serial_hangedman_research,
          hangedman_research_electronics, hangedman_research_thermodynamics,
          hangedman_research_convocations, basic_altar, uniq_xtahua
Vaults:4: hangedman_vaults_slice, hangedman_vaults_stitches,
          vaults_mumra_chevron, vaults_mumra_lcd, st_greater_box_4,
          vaults_mumra_minichess, v_misc_4, v_pattern_5, v_misc_4,
          ontoclasm_vaults_pinch, vaults_room_pool, layout_vaults_omnicross,
          uniq_donald
Vaults:5
Depths:1: layout_basic, hangedman_tar_grid_catacomb,
          chequers_serial_rivers_micro_a, nicolae_sextant, grunt_ministairs_7,
          kennysheep_flooded_box, chequers_serial_rivers_marsh, st_stairs_6,
          fountainhead, kennysheep_generic_room_3, uniq_enchantress, uniq_sojobo
Depths:2: minmay_guarded_unrand_guard, layout_gridville, lemuel_round_altar,
          grunt_metal_band, grunt_megastairs_2, minmay_shop_grove,
          infiniplex_staircase_pillars_1
Depths:3: mu_elephants_graveyard, layout_cave_pools, grunt_hell_entry_dis_grunt,
          rand_demon_pan_entry_9
Depths:4: cheibrodos_witchhunters_guild, layout_basic, abyss_entry,
          hangedman_coc_ice_floe, hangedman_decor_clover_reticule,
          kennysheep_opposing_triangles, infiniplex_staircase_spiral
Depths:5: grunt_twist_and_shout, layout_gridlike, enter_ziggurat_b,
          grunt_pan_entry_spiral, hell_entry, grunt_decor_fettered,
          kennysheep_random_hallway, serial_bayou_shore_b, uniq_margery
Zot:1:    layout_onion_interference
Zot:2:    layout_concentric_octagons, grunt_megastairs_4
Zot:3:    nicolae_zot_stationary_front, layout_cathedral_of_symmetry
Zot:4:    layout_gridville, st_small_dragon_hoard_5
Zot:5:    layout_cellular_growth

Skill      XL: |  1  2  3  4  5  6  7  8  9 10 11 12 13 14 15 16 17 18 19 20 21 22 23 24 25 26 27 |
---------------+----------------------------------------------------------------------------------+-----
Axes           | 4 5 6 8 10 11 13 14 16 18 20 21 22 23 24 25 26 27 | 27.0
Fighting       | 4 5 6 7 8 9 11 12 13 15 16 17 18 19 20 21 23 24 26 27 | 27.0
Armour         | 3 4 5 7 8 9 10 12 13 14 15 16 17 18 19 20 21 22 23 24 26 27 | 27.0
Dodging        | 3 4 5 6 7 8 10 11 12 14 16 18 19 20 21 22 23 24 26 27 | 27.0
Evocations     | 18 | 18.5

Action                   |  1- 3 |  4- 6 |  7- 9 | 10-12 | 13-15 | 16-18 | 19-21 | 22-24 | 25-27 || total
-------------------------+-------+-------+-------+-------+-------+-------+-------+-------+-------++-------
Melee: Hand axe          |    66 |   217 |   104 |       |       |       |       |       |       ||   387
       Headbutt          |    12 |    26 |    22 |    93 |   148 |   251 |   297 |   314 |   448 ||  1611
       War axe           |       |       |    75 |   120 |       |       |       |       |       ||   195
       Battleaxe         |       |       |       |   349 |   624 |     9 |       |       |       ||   982
       Executioner's axe |       |       |       |       |       |  1021 |  1014 |  1083 |  1315 ||  4433
 Fire: Hand crossbow     |       |       |       |       |     1 |       |       |       |       ||     1
Throw: Boomerang         |       |     4 |    19 |     3 |       |     1 |       |       |       ||    27
       Javelin           |       |       |       |       |       |     2 |       |       |       ||     2
Invok: Berserk           |     3 |     3 |     7 |    16 |     9 |    17 |    15 |    16 |    11 ||    97
       Trog's Hand       |       |       |       |     2 |     1 |     6 |     1 |     6 |     2 ||    18
       Brothers in Arms  |       |       |       |       |       |     1 |     1 |       |       ||     2
Evoke: Wand              |       |       |       |     3 |       |     5 |       |     1 |       ||     9
       Lightning rod     |       |       |       |       |       |     3 |       |       |       ||     3
  Use: Scroll            |       |     1 |     7 |    16 |    10 |    13 |     9 |     9 |     6 ||    71
       Potion            |       |       |       |     2 |       |     3 |     1 |     7 |       ||    13
 Stab: Distracted        |       |       |       |     1 |       |       |     1 |     1 |     1 ||     4
       Confused          |       |       |       |       |       |     1 |       |       |     2 ||     3
Armor: Leather armour    |    12 |     4 |       |       |       |       |       |       |       ||    16
       Chain mail        |       |   102 |    77 |   220 |   142 |   500 |   208 |     9 |       ||  1258
       Gold dragon scale |       |       |       |       |       |       |    25 |   422 |   557 ||  1004
Dodge: Dodged            |    35 |    74 |    87 |   296 |   311 |  1352 |   663 |   742 |  1101 ||  4661
       Repelled          |       |       |       |       |       |       |       |     7 |    39 ||    46
Block: Other             |       |       |       |       |       |    69 |   142 |    86 |       ||   297
       Reflection        |       |       |       |       |       |       |    10 |     7 |       ||    17
